 Dungeon Crawl Stone Soup version 0.24-a0-769-g368c1644f8 (webtiles) character file.

Game seed: 17498191804036384238, levelgen mode: deterministic

936 Kae the Firebug (level 8, 0/56 HPs)
             Began as an Octopode Fire Elementalist on Oct 4, 2019.
             Slain by a worker ant (5 damage)
             ... on level 4 of the Dungeon.
             The game lasted 00:06:35 (7104 turns).

Kae the Firebug (Octopode Fire Elementalist)        Turns: 7104, Time: 00:06:37

Health: 0/56       AC:  1    Str:  7    XL:     8   Next: 12%
Magic:  0/11       EV: 17    Int: 19    God:
Gold:   270        SH:  0    Dex: 13    Spells: 1/11 levels left

rFire    . . .     SeeInvis .   (no weapon)
rCold    . . .     Gourm    .   (no shield)
rNeg     . . .     Faith    .   (helmet restricted)
rPois    .         Spirit   .   (no amulet)
rElec    .         Reflect  .   (no ring)
rCorr    .         Harm     .   f - +4 ring of evasion
MR       .....                  (no ring)
Stlth    +++.......             (no ring)
HPRegen  0.18/turn              (no ring)
MPRegen  0.12/turn              (no ring)
                                (no ring)
                                (no ring)

@: no status effects
A: almost no armour, stealthy swim, amphibious, 8 rings, constrict 8, camouflage
1, gelatinous body 1
a: no special abilities


You were on level 4 of the Dungeon.
You were hungry.

You visited 1 branch of the dungeon, and saw 6 of its levels.

You collected 270 gold pieces.

Inventory:

Jewellery
 f - a +4 ring of evasion (right tentacle)
Scrolls
 g - a scroll of remove curse
 i - a scroll of blinking
 k - 2 scrolls of teleportation
Potions
 a - a potion of lignification
 c - a potion of brilliance
 d - 6 potions of curing {unknown}
 e - a potion of haste {unknown}
 h - a potion of might {unknown}
 j - 2 potions of degeneration {unknown}
 l - a potion of heal wounds {unknown}
Comestibles
 b - 7 rations


   Skills:
 * Level 5.4 Fighting
 - Level 2.0 Dodging
 - Level 2.6 Stealth
 - Level 2.0 Spellcasting
 + Level 4.0 Conjurations
 * Level 6.5 Fire Magic


You had one spell level left.
You knew the following spells:

 Your Spells              Type           Power        Failure   Level  Hunger
a - Flame Tongue          Conj/Fire      ###..        1%          1    #......
b - Throw Flame           Conj/Fire      ###...       3%          2    ###....
c - Conjure Flame         Conj/Fire      ###.....     6%          3    ###....
d - Sticky Flame          Conj/Fire      ###.....     19%         4    #####..

Your spell library contained the following spells:

 Spells                   Type           Power        Failure   Level  Hunger
 Inner Flame              Hex/Fire       ##......     13%         3    ###....
 Fireball                 Conj/Fire      ###.......   47%         5    ######.


Dungeon Overview and Level Annotations

Branches:
Dungeon (6/15)
 Temple: D:4-7

Altars:
Cheibriados
Wu Jian

Shops:
D:5 [


Innate Abilities, Weirdness & Mutations

You cannot wear most types of armour.
You are very stealthy in the water. (Stealth+)
You are amphibious.
You can wear up to eight rings at the same time.
You can use your tentacles to constrict eight enemies at once.
Your skin changes colour to match your surroundings (Stealth+).
Your rubbery body absorbs attacks. (AC +1, EV +1)


Message History

You don't have enough magic to cast that spell.
Casting: Flame Tongue (safe; 1% risk of failure)
Confirm with . or Enter, or press ? or * to list all spells.
You don't have enough magic to cast that spell.
Casting: Flame Tongue (safe; 1% risk of failure)
Confirm with . or Enter, or press ? or * to list all spells.
You don't have enough magic to cast that spell.
You barely miss the worker ant. You grab the worker ant.
The worker ant is severely wounded.
You constrict the worker ant. The worker ant barely misses you.
You tentacle-slap the worker ant but do no damage.
The worker ant is severely wounded.
You constrict the worker ant, but do no damage.
The worker ant bites you!
* * * LOW HITPOINT WARNING * * *
The worker ant closely misses you.
You tentacle-slap the worker ant.
The worker ant is almost dead.
You constrict the worker ant. The worker ant bites you.
You die...

#.# #.#...#
#.#...#
#.#...# ####.
#.#...###.....
#.#...#....[..
#.#...#.......
#.#...))......
#.....@a......
########...#..
..# .# # .....


You could see a worker ant.

Vanquished Creatures
  An orc warrior (D:6)
  An ice beast (D:6)
  A howler monkey (D:6)
  2 crimson imps (D:6)
  A hound (D:5)
  A jelly (D:6)
  5 orc wizards
  3 orc priests
  A bullfrog skeleton (D:4)
  Natasha (thrice) (D:2)
  2 worker ants (D:5)
  A worker ant zombie (D:6)
  4 gnolls (D:5)
  5 adders
  2 oozes (D:3)
  2 worms
  2 dart slugs
  4 leopard geckos
  16 orcs
  4 bats
  3 giant cockroaches
  5 goblins
  7 hobgoblins
  10 jackals
  5 kobolds
  3 quokkas
  6 frilled lizards
  7 rats
107 creatures vanquished.

Notes
Turn   | Place    | Note
-------+----------+-------------------------------------------
     0 | D:1      | Kae the Octopode Fire Elementalist began the quest for the
                  | Orb.
     0 | D:1      | Reached XP level 1. HP: 11/11 MP: 3/3
   469 | D:1      | Reached XP level 2. HP: 14/17 MP: 5/5
  1153 | D:2      | Reached skill level 1 in Fighting
  1153 | D:2      | Reached XP level 3. HP: 18/23 MP: 3/6
  1233 | D:2      | Learned a level 2 spell: Throw Flame
  1237 | D:2      | Learned a level 3 spell: Conjure Flame
  1341 | D:2      | Noticed Natasha
  1350 | D:2      | Killed Natasha
  1947 | D:2      | Reached XP level 4. HP: 28/29 MP: 7/7
  1992 | D:2      | Noticed Natasha
  2011 | D:2      | Killed Natasha
  2011 | D:2      | Reached skill level 4 in Fire Magic
  2394 | D:2      | Noticed Natasha
  2402 | D:2      | Killed Natasha
  2704 | D:3      | Found a snail-covered altar of Cheibriados.
  2747 | D:3      | Reached XP level 5. HP: 27/35 MP: 8/8
  3257 | D:3      | Found an ornate altar of the Wu Jian Council.
  4029 | D:3      | Reached XP level 6. HP: 28/42 MP: 2/9
  4175 | D:3      | Found a faded altar of an unknown god.
  4519 | D:4      | Reached skill level 5 in Fire Magic
  4641 | D:4      | You fall into a shaft and drop 2 floors!
  4793 | D:6      | Noticed an ice beast
  4854 | D:6      | Killed an ice beast
  4996 | D:6      | Reached XP level 7. HP: 44/48 MP: 5/10
  5336 | D:6      | Reached skill level 6 in Fire Magic
  5724 | D:5      | Entered Level 5 of the Dungeon
  6069 | D:5      | Learned a level 4 spell: Sticky Flame
  6080 | D:5      | Found Petohi's Antique Armour Shop.
  6187 | D:5      | Reached skill level 5 in Fighting
  6621 | D:5      | Reached XP level 8. HP: 47/55 MP: 8/11
  7104 | D:4      | Slain by a worker ant

Levels and vault maps discovered:
D:1:      mainiacjoe_arrival_reflecting_pool, layout_basic, serial_glass,
          glass_columns_a, glass_columns_a, glass_columns_b, glass_columns_a,
          glass_columns_a, glass_columns_a, corexii_corridor_pit
D:2:      layout_basic, minmay_stone_trees_small, minmay_large_rounded_square,
          minmay_quantized, uniq_natasha
D:3:      layout_loops_corners, cheibriados_altar_1, overflow_temple_1_default,
          chequers_ecumenical_altar_simple_redux, minmay_bisected
D:4:      layout_basic, nicolae_gozag_seed_capital,
          gammafunk_temple_overflow_forgotten, first_ration
D:5:      layout_loops_cross, lightli_temple_of_fire, serial_shops,
          nicolae_shop_overgrown_old_shop, guppyfry_early_lair_pool
D:6:      layout_basic

Skill      XL: |  1  2  3  4  5  6  7  8 |
---------------+-------------------------+-----
Fighting       | 1 2 3 4 5 |  5.4
Conjurations   | 2 3 4 |  4.0
Fire Magic     | 4 5 6 |  6.5
Dodging        | |  2.0
Stealth        | |  2.6
Spellcasting   | |  2.0

Action                   |  1- 3 |  4- 6 |  7- 9 || total
-------------------------+-------+-------+-------++-------
Melee: Unarmed           |    65 |   177 |   151 ||   393
       Constrict         |    20 |    35 |    21 ||    76
       Tentacles         |     8 |    34 |    27 ||    69
 Cast: Flame Tongue      |    12 |    34 |    47 ||    93
       Throw Flame       |       |     3 |     1 ||     4
       Conjure Flame     |       |       |     1 ||     1
  Use: Scroll            |     3 |     4 |       ||     7
       Potion            |       |       |     1 ||     1
 Stab: Sleeping          |     7 |    11 |     1 ||    19
  Eat: Chunk             |     3 |     7 |     7 ||    17
       Ration            |       |     1 |       ||     1
Armor: Skin              |     5 |     7 |    46 ||    58
Dodge: Dodged            |    36 |   147 |   124 ||   307

Table legend:
 A = Non-vault XP
 B = Vault XP
 C = Vault XP percentage of total XP
 D = Non-vault monster count
 E = Vault monster count
 F = Vault count percentage of total count
                 A         B        C        D         E       F
            +---------+---------+-------+---------+---------+-------
      Total |    1259 |      79 |   5.9 |     100 |       7 |   6.5
            +---------+---------+-------+---------+---------+-------
        D:1 |      23 |       0 |   0.0 |      12 |       0 |   0.0
        D:2 |      98 |      40 |  29.0 |      17 |       4 |  19.0
        D:3 |     200 |      13 |   6.1 |      29 |       1 |   3.3
        D:4 |      60 |       0 |   0.0 |       8 |       0 |   0.0
        D:5 |     302 |      26 |   7.9 |      16 |       2 |  11.1
        D:6 |     576 |       0 |   0.0 |      18 |       0 |   0.0
            +---------+---------+-------+---------+---------+-------
